 Dungeon Crawl Stone Soup version 0.30-a0-830-gfe289a77b0 (webtiles) character file.

Game seed: 2046267822141780708

130 zenocrate the Shield-Bearer (level 4, 0/44 HPs)
             Began as a Troll Fighter on Mar 1, 2023.
             Slain by an orc
             ... wielding a +0 hand axe
              (5 damage)
             ... on level 2 of the Dungeon.
             The game lasted 00:01:29 (1497 turns).

zenocrate the Shield-Bearer (Troll Fighter)         Turns: 1497, Time: 00:01:30

Health: 0/44       AC:  4    Str: 26    XL:     4   Next: 89%
Magic:  3/3        EV:  8    Int:  4    God:
Gold:   140        SH:  8    Dex:  9    Spells: 1/3 levels left

rFire   . . .      SeeInvis .      - Unarmed
rCold   . . .      Faith    .    b - +0 kite shield
rNeg    . . .      Spirit   .    a - +0 robe
rPois   .          Reflect  .    (helmet restricted)
rElec   .          Harm     .    (no cloak)
rCorr   .          Rampage  .    (gloves unavailable)
Will    .....                    (boots unavailable)
Stlth   +                        (no amulet)
HPRegen 1.07/turn                (no ring)
MPRegen 0.08/turn                (no ring)

@: mighty
A: large, unfitting armour, claws 3, regeneration 1, shaggy fur 1, tough skin 1
a: no special abilities


You were on level 2 of the Dungeon.
You visited 1 branch of the dungeon, and saw 3 of its levels.

You collected 140 gold pieces.

Inventory:

Armour
 a - a +0 robe (worn)
 b - a +0 kite shield (worn)
Scrolls
 f - 2 scrolls of immolation {unknown}
 g - a scroll of blinking {unknown}
 h - 2 scrolls of noise {unknown}
 i - 2 scrolls of identify {unknown}
 k - a scroll of magic mapping {unknown}
 l - a scroll of vulnerability {unknown}
 m - a scroll of teleportation {unknown}
Potions
 c - a potion of might
 d - a potion of mutation {unknown}
 e - a potion of curing
 j - a potion of degeneration {unknown}
 n - a potion of brilliance {unknown}
 o - a potion of berserk rage {unknown}
 p - a potion of resistance {unknown}


   Skills:
 - Level 2.4 Fighting
 - Level 2.4 Dodging
 + Level 4.1 Shields
 + Level 3.8 Unarmed Combat


You had one spell level left.
You knew the following spells:

 Your Spells              Type           Power      Damage    Failure   Level
a - Blink                 Tloc           0%         N/A       89%         2

Your spell library contained the following spells:

 Spells                   Type           Power      Damage    Failure   Level
 Lesser Beckoning         Tloc           0%         N/A       89%         2
 Momentum Strike          Conj/Tloc      0%         3d8       89%         2
 Summon Guardian Golem    Hex/Summ       0%         N/A       98%         3
 Orb of Destruction       Conj           0%         9d5       100%        7
 Spellforged Servitor     Conj/Summ      0%         N/A       100%        7


Dungeon Overview and Level Annotations

Branches:
Dungeon (3/15)

Altars:


Innate Abilities, Weirdness & Mutations

You are too large for most types of armour.
You have claws for hands.
Your natural rate of healing is unusually fast.
You are covered in fur. (AC +1)
You have tough skin. (AC +1)


Message History

You climb upwards.
There is a stone staircase leading down here.
You closely miss the orc. The orc barely misses you.
The orc closely misses you. You block the orc's attack.
You closely miss the orc. The orc hits you with a +0 club.
* * * LOW HITPOINT WARNING * * *
The orc hits you with a +0 hand axe.
* * * LOW HITPOINT WARNING * * *
The orc closely misses you.
You scratch the orc but do no damage. You block the orc's attack.
The orc hits you with a +0 hand axe.
* * * LOW HITPOINT WARNING * * *
The orc hits you with a +0 dagger.
* * * LOW HITPOINT WARNING * * *
You barely miss the orc. The orc hits you but does no damage.
The orc barely misses you. You block the orc's attack.
It was a potion of curing.
You feel better. The orc hits you with a +0 club.
* * * LOW HITPOINT WARNING * * *
The orc hits you but does no damage. x2
You scratch the orc.
The orc is moderately wounded.
The orc hits you with a +0 club.
* * * LOW HITPOINT WARNING * * *
You block the orc's attack. The orc barely misses you.
You closely miss the orc.
The orc is moderately wounded.
You block the orc's attack. The orc hits you with a +0 club.
* * * LOW HITPOINT WARNING * * *
The orc misses you.
You feel very mighty all of a sudden. You block the orc's attack.
The orc hits you with a +0 club.
* * * LOW HITPOINT WARNING * * *
You block the orc's attack.
You barely miss the orc.
The orc is moderately wounded.
You block the orc's attack. x2; The orc barely misses you.
You mangle the orc!!
You kill the orc!
The orc hits you with a +0 hand axe.
You die...

#...# #.###### #.#######......#
### ########
#.##.#....####.#######.. .......#
#.##<#.##....#.......#.# .......#
#.##.#.#####.#†.####.#.# .......#
#....#....##.#.....#.#.# .......#
#########.#......#.#.#..
.......###....####.#####.....[###
...............)@o...............
..)....##..#####o###.####.#.####.
.......#.........# #.# #.#....#.
########'###########.## #.####.#.
#...#.....# #....###.# #.#.
#...#.....# #.....##.# #.#.
#...#.....# #.....##.# #.#.
#...###..## #........# #...
#...###.## #....##### ####


You could see 2 orcs.

Vanquished Creatures
  An orc priest (D:3)
  5 adders
  2 worms (D:2)
  2 orcs
  5 endoplasms
  2 giant cockroaches (D:1)
  5 goblins
  3 hobgoblins (D:1)
  5 kobolds
  6 quokkas
  6 ball pythons
  2 bats (D:1)
  5 frilled lizards
  3 rats
52 creatures vanquished.

Notes
Turn   | Place    | Note
-------+----------+-------------------------------------------
     0 | D:1      | zenocrate the Troll Fighter began the quest for the Orb.
     0 | D:1      | Reached XP level 1. HP: 22/22 MP: 0/0
   159 | D:1      | Reached skill level 3 in Shields
   160 | D:1      | Reached XP level 2. HP: 26/29 MP: 1/1
   450 | D:1      | Reached XP level 3. HP: 35/36 MP: 2/2
   964 | D:2      | Learned a level 2 spell: Blink
  1167 | D:2      | Reached XP level 4. HP: 41/44 MP: 3/3
  1228 | D:2      | Identified the +8 mace of Qanlengu {drain, *Slow rCorr
                  | Int+5 Dex+9}
  1485 | D:3      | Reached skill level 4 in Shields
  1497 | D:2      | Slain by an orc

Illustrated notes

Levels and vault maps discovered:
D:1:      minmay_arrival_split_and_join, layout_basic
D:2:      layout_basic
D:3:      minmay_razor_zed, layout_basic, zin_statuary,
          shapermc_ecumenical_altar_mp_urbaneastern

Skill      XL: |  1  2  3  4 |
---------------+-------------+-----
Shields        | 3 4 |  4.1
Unarmed Combat | 3 |  3.8
Fighting       | |  2.4
Dodging        | |  2.4

Action                     |  1- 3 |  4- 6 || total
---------------------------+-------+-------++-------
  Melee: Unarmed           |   107 |    42 ||   149
    Use: Potion            |       |     2 ||     2
   Stab: Sleeping          |     1 |       ||     1
 Armour: Robe              |    29 |    16 ||    45
  Dodge: Dodged            |    31 |    17 ||    48
  Block: Kite shield       |    34 |    30 ||    64

Table legend: (Time is in decaauts)
 A = Elapsed time spent in this place.
 B = Non-inter-level travel time spent in this place.
 C = Inter-level travel time spent in this place.
 D = Time resting spent in this place.
 E = Time spent auto-exploring this place.
 F = Levels seen in this place.
 G = Mean time per level.
                   A        B        C        D        E       F      G
               +--------+--------+--------+--------+--------+-----+--------+
         Total |   1508 |   1449 |     59 |      0 |   1096 |   3 |  502.7 |
       Dungeon |   1508 |   1449 |     59 |      0 |   1096 |   3 |  502.7 |
               +--------+--------+--------+--------+--------+-----+--------+

Top non-repeatable levels by time:
     D:2: 755 daAuts
     D:1: 666 daAuts
     D:3: 86 daAuts
